 Dungeon Crawl Stone Soup version 0.28.0 (webtiles) character file.

Game seed: 4819986288411526197

7280 Dirian the Carver (level 10, -8/94 (95) HPs)
             Began as a Minotaur Fighter on Feb 10, 2022.
             Was a Priest of Makhleb.
             Mangled by a stone giant (23 damage)
             ... on level 9 of the Dungeon.
             The game lasted 00:25:04 (9356 turns).

Dirian the Carver (Minotaur Fighter)                Turns: 9356, Time: 00:25:04

HP:   -8/94 (95)    AC: 12    Str: 22    XL:     10   Next: 89%
MP:   15/15         EV:  8    Int:  5    God:    Makhleb [***...]
Gold: 322           SH:  6    Dex: 13    Spells: 9/9 levels left

rFire   + . .      SeeInvis .   a - +4 scimitar
rCold   . . .      Faith    .   c - +1 buckler
rNeg    . . .      Spirit   .   o - +0 chain mail
rPois   .          Reflect  .   (helmet restricted)
rElec   .          Harm     .   l - +1 cloak
rCorr   .          Rampage  .   (no gloves)
Will    .....                   (no boots)
Stlth   ..........              e - amulet of regeneration
HPRegen 1.05/turn               y - ring of protection from fire
MPRegen 0.14/turn               (no ring)

@: lightly drained
A: horns 2, retaliatory headbutt
a: Renounce Religion, Minor Destruction, Lesser Servant of Makhleb


You were on level 9 of the Dungeon.
You worshipped Makhleb.
Makhleb was most pleased with you.
You visited 2 branches of the dungeon, and saw 10 of its levels.
You also visited: Ossuary and Bailey.

You collected 822 gold pieces.
You spent 500 gold pieces at shops.

Inventory:

Hand Weapons
 a - a +4 scimitar (weapon)
 b - the +7 dagger of Peace {flame, rElec}
   (You found it on level 5 of the Dungeon)

   It burns those it strikes, dealing additional fire damage.
   rElec:     It insulates you from electricity.
 r - a +0 scimitar
Armour
 c - a +1 buckler (worn)
 l - a +1 cloak (worn)
 o - a +0 chain mail (worn)
 C - a +0 plate armour
Jewellery
 e - an amulet of regeneration (around neck)
 y - a ring of protection from fire (left hand)
Wands
 s - a wand of flame (18)
 u - a wand of paralysis (10)
 A - a wand of polymorph (9)
Scrolls
 f - 3 scrolls of noise
 p - 3 scrolls of enchant armour
 t - 2 scrolls of teleportation
 z - a scroll of blinking
 B - 4 scrolls of summoning
 D - 2 scrolls of enchant weapon
Potions
 d - 2 potions of might
 g - 4 potions of brilliance
 h - 2 potions of haste
 i - 3 potions of ambrosia
 k - 2 potions of berserk rage {unknown}
 m - 3 potions of attraction
 n - a potion of mutation {unknown}
 q - 3 potions of magic
 v - a potion of cancellation {unknown}
 w - 2 potions of heal wounds


   Skills:
 + Level 11.0 Fighting
 - Level 12.0 Long Blades
 + Level 6.7 Armour
 - Level 1.0 Dodging
 - Level 5.0 Shields
 * Level 8.9 Invocations


You had 9 spell levels left.
You didn't know any spells.
Your spell library contained the following spells:

 Spells                   Type           Power      Damage    Failure   Level
 Animate Skeleton         Necr           0%         N/A       99%         1
 Apportation              Tloc           0%         N/A       99%         1
 Foxfire                  Conj/Fire      0%         2x1d4     99%         1
 Summon Small Mammal      Summ           0%         N/A       99%         1
 Scorch                   Fire           0%         2d5       100%        2
 Conjure Flame            Conj/Fire      0%         6-21      100%        3
 Frozen Ramparts          Ice            0%         1d2       100%        3
 Inner Flame              Hex/Fire       0%         N/A       100%        3
 Flame Wave               Conj/Fire      0%         2d4       100%        4
 Ice Form                 Ice/Tmut       0%         N/A       100%        4
 Summon Ice Beast         Ice/Summ       0%         N/A       100%        4
 Summon Cactus Giant      Summ           0%         N/A       100%        6


Dungeon Overview and Level Annotations

Branches:
Dungeon (9/15)             Temple (1/1) D:6            Lair (0/6) D:8
Ossuary (visited)          Bailey (visited)
    Orc: D:9-12

Altars:
Ashenzari
Cheibriados
Dithmenos
Elyvilon
Kikubaaqudgha
Makhleb
Nemelex Xobeh
Qazlal
Ru
Sif Muna
Trog
Uskayaw
Vehumet
Wu Jian
Xom
Yredelemnul
Zin
The Shining One

Shops:
D:2 !?*   D:5 ?[==   D:7 ?


Innate Abilities, Weirdness & Mutations

You have a pair of horns on your head.
You reflexively headbutt those who attack you in melee.


Message History

a +0 dagger; 6 poisoned darts; a kobold corpse
Things that are here:
a +0 dagger; 8 poisoned darts
Things that are here:
a +0 dagger; a kobold corpse You open the door.
There is an open door here.
There is an open door here.
Items here: )))) [[[.
As you open the door, it creaks loudly!
You hear a shout!
Found a robe.
There is an open door here.
You now have 322 gold pieces (gained 3).
You open the door.
There is an open door here.
A stone giant is nearby!
The stone giant throws a large rock.
The large rock barely misses you. You block the stone giant's attack.
There is an open door here.
You hit the stone giant but do no damage.
Your headbutt misses the stone giant. The stone giant hits you!!
You hit the stone giant. You headbutt the stone giant!
The stone giant is lightly wounded.
The stone giant hits you!!!
* * * LOW HITPOINT WARNING * * *
You slash the stone giant! You headbutt the stone giant.
The stone giant is moderately wounded.
The stone giant hits you!
* * * LOW HITPOINT WARNING * * *
You hit the stone giant but do no damage.
You headbutt the stone giant!
The stone giant is heavily wounded.
You slash the stone giant!
The stone giant is severely wounded.
The stone giant hits you.
* * * LOW HITPOINT WARNING * * *
You barely miss the stone giant.
The stone giant is severely wounded.
The stone giant hits you!!
You die...

....##≈≈≈..........########
#''##8≈≈..................#
8..8.≈≈≈..................#
.†[.≈≈≈........^..........#
≈<>≈≈≈....................#
≈≈≈≈≈.....................#
≈≈≈≈......................#
....#.....#######C###############
....#..........#@................
....#..........#...[.............
....#..........#.................
....#<.........#.................
....#..........#.................
....#..........#.................
#..........#.................
#..........#.................
#############################


You could see a stone giant.

Vanquished Creatures
  2 orc knights (Bailey)
  A hornet (D:8)
  A troll (D:8)
  3 wyverns
  8 yaks
  Menkaure (D:5)
  3 water moccasins
  A sky beast (D:6)
  4 ice beasts
  8 orc warriors
  A necrophage (D:8)
  2 wolves
  2 centaurs
  A kobold brigand (D:9)
  A wyvern zombie (D:6)
  2 bullfrogs
  A scorpion (D:5)
  A water moccasin zombie (D:5)
  6 killer bees
  A water moccasin skeleton (D:6)
  5 wights (D:9)
  6 electric eels
  3 howler monkeys (D:8)
  A centaur zombie (D:6)
  A bullfrog zombie (D:5)
  7 hounds
  3 jellies
  A gnoll shaman (D:5)
  An orc priest (D:6)
  A centaur skeleton (D:7)
  An iguana (D:5)
  7 orc wizards
  2 killer bee zombies
  2 hound skeletons
  8 mummies (Ossuary)
  5 gnolls (D:5)
  2 howler monkey zombies (D:6)
  13 adders
  2 shadow imps (D:7)
  An ufetubus (D:6)
  An adder skeleton (D:4)
  4 worms
  3 dart slugs
  40 orcs
  8 ball pythons
  4 bats
  2 endoplasms
  A giant cockroach (D:4)
  6 goblins
  8 hobgoblins
  3 jackals (D:2)
  5 kobolds
  5 quokkas
  3 frilled lizards
  A gnoll zombie (Ossuary)
  4 kobold zombies (Ossuary)
  3 orc zombies (Ossuary)
  5 rats
228 creatures vanquished.

Notes
Turn   | Place    | Note
-------+----------+-------------------------------------------
     0 | D:1      | Dirian the Minotaur Fighter began the quest for the Orb.
     0 | D:1      | Reached XP level 1. HP: 19/19 MP: 0/0
   346 | D:1      | Reached XP level 2. HP: 27/27 MP: 1/1
   716 | D:1      | Found a faded altar of an unknown god.
   982 | D:2      | Reached skill level 3 in Long Blades
   987 | D:2      | Found Bekliboi's Distillery.
   999 | D:2      | Reached skill level 1 in Dodging
  1094 | D:2      | Found Letecvio's Magic Scroll Boutique.
  1229 | D:2      | Reached XP level 3. HP: 28/33 MP: 2/2
  1412 | D:2      | Found Lyshryja's General Store.
  1556 | D:2      | Reached XP level 4. HP: 40/40 MP: 3/3
  1692 | D:2      | Found a white marble altar of Elyvilon.
  1913 | D:3      | Reached skill level 4 in Long Blades
  2765 | D:4      | Found a sand-covered staircase.
  2772 | Ossuary  | Entered an ossuary
  2824 | Ossuary  | Reached XP level 5. HP: 31/47 MP: 4/4
  3361 | D:4      | Reached skill level 5 in Long Blades
  3468 | D:3      | Reached XP level 6. HP: 8/55 MP: 5/5
  3774 | D:4      | Reached skill level 5 in Fighting
  3774 | D:4      | Reached skill level 5 in Shields
  3983 | D:4      | Reached skill level 5 in Armour
  4466 | D:5      | Entered Level 5 of the Dungeon
  4591 | D:5      | Reached skill level 6 in Long Blades
  4621 | D:5      | Noticed a water moccasin
  4644 | D:5      | Reached XP level 7. HP: 59/61 MP: 6/6
  4657 | D:5      | Found Xusaf's Jewellery Emporium.
  4662 | D:5      | Bought an amulet of regeneration for 300 gold pieces
  4797 | D:5      | Reached skill level 7 in Long Blades
  4799 | D:5      | HP: 3/63 [poisoned by a water moccasin]
  4804 | D:5      | HP: 2/63 [poisoned by a water moccasin]
  4954 | D:5      | Found Ogrer's Jewellery Boutique.
  4965 | D:5      | Found Seossici's Armour Emporium.
  5025 | D:5      | Noticed Menkaure
  5031 | D:5      | Killed Menkaure
  5032 | D:5      | Reached skill level 8 in Long Blades
  5052 | D:5      | Found Boyneme's Magic Scroll Shoppe.
  5074 | D:5      | Reached XP level 8. HP: 66/71 MP: 7/7
  5247 | D:5      | Found a hide-covered altar of Uskayaw.
  5605 | D:5      | Bought a scroll of identify for 24 gold pieces
  5705 | D:5      | Identified the +7 dagger of Peace {flame, rElec}
  5815 | D:6      | Reached skill level 9 in Long Blades
  5854 | D:6      | Found a staircase to the Ecumenical Temple.
  5861 | Temple   | Entered the Ecumenical Temple
  5904 | Temple   | Became a worshipper of Makhleb the Destroyer
  6042 | D:6      | Reached skill level 10 in Long Blades
  6190 | D:6      | Reached skill level 1 in Invocations
  6292 | D:6      | Identified the +6 short sword "Uhuogoho" {antimagic, *Rage
                  | rN+ Will+ Str+2}
  6658 | D:7      | Found Ugoroih's Magic Scroll Boutique.
  6676 | D:7      | Identified the +1 leather armour of Springtime {Str+3
                  | Dex+2}
  6683 | D:7      | Identified the +2 leather armour of Reason {Regen+ rCorr}
  6687 | D:7      | Bought a scroll of blinking for 120 gold pieces
  6687 | D:7      | Bought a scroll of magic mapping for 56 gold pieces
  6701 | D:7      | Reached * piety under Makhleb
  6702 | D:7      | Reached XP level 9. HP: 81/81 MP: 9/9
  6711 | D:7      | Found an ancient bone altar of Kikubaaqudgha.
  6732 | D:7      | Found a shadowy altar of Dithmenos.
  6803 | D:7      | Reached skill level 11 in Long Blades
  7025 | D:7      | Found an ornate altar of the Wu Jian Council.
  7118 | D:7      | Found a glowing silver altar of Zin.
  7280 | D:8      | Noticed a troll
  7501 | D:8      | Reached skill level 5 in Invocations
  7604 | D:8      | Found a flagged portal.
  7612 | D:8      | Reached ** piety under Makhleb
  7618 | Bailey   | Entered a bailey
  7771 | Bailey   | Reached skill level 12 in Long Blades
  7829 | Bailey   | Noticed an orc knight
  7945 | Bailey   | Killed an orc knight
  7946 | Bailey   | Reached XP level 10. HP: 69/92 MP: 13/13
  7972 | Bailey   | Noticed an orc knight
  7999 | Bailey   | Killed an orc knight
  8000 | Bailey   | Reached skill level 10 in Fighting
  8629 | D:8      | Found a staircase to the Lair.
  8649 | D:8      | Paralysed by a hornet for 3 turns
  8959 | D:9      | Noticed a stone giant
  9216 | D:9      | Reached *** piety under Makhleb
  9356 | D:9      | Mangled by a stone giant

Illustrated notes

Levels and vault maps discovered:
D:1:      lemuel_arrival_behind_the_door_large, layout_basic, serial_glass,
          glass_columns_b, glass_columns_a, item_on_display_a,
          due_unseen_surprise, minmay_strange_pillars,
          shapermc_ecumenical_altar_mp_ritualfount
D:2:      layout_rooms, serial_shops, shop, nicolae_shop_waterfront,
          shop_fountains, basic_altar, kennysheep_donut
D:3:      layout_loops_ring
D:4:      layout_gridville, nicolae_ossuary_entry_monument
D:5:      layout_loops_cross, mainiacjoe_overflow_cross_hatched, serial_shops,
          kennysheep_mini, shop, shop, nicolae_inconvenience_store,
          minmay_starry_boxes, uniq_menkaure
D:6:      layout_cave_pods, temple_green
D:7:      layout_cave_pools, chequers_temple_overflow_statue_of_worship,
          amcnicky_altar_gilded, serial_shops, nicolae_shop_statue_plus
D:8:      layout_cave_pools, erik_lair_island, enter_bailey_3
D:9:      layout_grid_maze, gammafunk_temple_overflow_pools,
          mainiacjoe_overflow_small_starburst, kennysheep_island_fort
Temple:   nicolae_temple_god_jail

Skill      XL: |  1  2  3  4  5  6  7  8  9 10 |
---------------+-------------------------------+-----
Long Blades    | 3 4 5 6 8 10 12 | 12.0
Dodging        | 1 |  1.0
Fighting       | 4 5 6 8 9 11 | 11.0
Shields        | 4 5 |  5.0
Armour         | 4 5 6 |  6.7
Invocations    | 2 6 8 |  8.9

Action                   |  1- 3 |  4- 6 |  7- 9 | 10-12 || total
-------------------------+-------+-------+-------+-------++-------
Melee: Long sword        |    72 |   171 |   366 |   120 ||   729
       Headbutt          |    13 |    19 |    69 |    36 ||   137
       Scimitar          |       |       |       |    49 ||    49
       Dagger            |       |       |       |    23 ||    23
  Use: Scroll            |       |     9 |     8 |     4 ||    21
       Potion            |       |     2 |     4 |     4 ||    10
Armor: Scale mail        |    32 |    69 |       |       ||   101
       Chain mail        |       |     3 |   227 |    57 ||   287
Dodge: Dodged            |    42 |    49 |   164 |    44 ||   299
Block: Buckler           |    12 |    30 |   116 |    47 ||   205
